 Dungeon Crawl Stone Soup version 0.20-a0-809-gaf7f668 (webtiles) character file.

27 Klosterheim the Skirmisher (level 3, -2/39 HPs)
             Began as an Ogre Fighter on Mar 2, 2017.
             Slain by Sigmund
             ... wielding a +0 scythe
              (7 damage)
             ... on level 2 of the Dungeon.
             The game lasted 00:01:06 (757 turns).

Klosterheim the Skirmisher (Ogre Fighter)            Turns: 757, Time: 00:01:07

Health: -2/39      AC:  4    Str: 25    XL:     3   Next: 10%
Magic:  3/3        EV: 10    Int: 10    God:
Gold:   48         SH:  0    Dex:  8    Spells: 2/2 levels left

rFire    . . .     SeeInvis .   a - +0 flail
rCold    . . .     Gourm    +   b - +0 robe
rNeg     . . .     Faith    .   (no shield)
rPois    +         Spirit   .   (helmet restricted)
rElec    .         Reflect  .   g - +0 cloak
rCorr    .         Harm     .   (gloves unavailable)
MR       .....                  (boots unavailable)
Stlth    +.........             l - amulet of the gourmand
Regen    0.2/turn               (no ring)
MPRegen  0.1/turn               i - ring of poison resistance

@: mighty
A: unfitting armour, tough skin 1
a: no special abilities


You were on level 2 of the Dungeon.
You were full.

You visited 1 branch of the dungeon, and saw 2 of its levels.

You collected 48 gold pieces.

Inventory:

Hand Weapons
 a - a +0 flail (weapon)
Armour
 b - a +0 robe (worn)
 g - a +0 cloak (worn)
Jewellery
 h - an uncursed amulet of rage {unknown}
 i - a ring of poison resistance (left hand)
 l - an amulet of the gourmand (around neck)
Scrolls
 c - a scroll of enchant weapon {unknown}
 j - a scroll of magic mapping {unknown}
 k - 3 scrolls of amnesia {unknown}
 m - a scroll of remove curse {unknown}
Potions
 e - a potion of haste {unknown}
 n - a potion of heal wounds {unknown}
 o - a potion of resistance {unknown}
 q - a potion of curing {unknown}
Comestibles
 f - a bread ration
 p - a royal jelly


   Skills:
 - Level 4.0 Fighting
 * Level 3.1 Maces & Flails
 - Level 2.6 Dodging
   Level 2.6 Shields


You had 2 spell levels left.
You didn't know any spells.

Dungeon Overview and Level Annotations

Branches:
Dungeon (2/15)

Altars:
Yredelemnul

Annotations:
D:2 Sigmund


Innate Abilities, Weirdness & Mutations

You are too large for most types of armour.
You have tough skin. (AC +1)


Message History

Sigmund flickers and vanishes!
Deactivating autopickup; reactivate with Ctrl-A.
The ooze hits you.
You hit the ooze.
The ooze is severely wounded.
Something hits you! The ooze barely misses you.
You feel very mighty all of a sudden. The ooze barely misses you.
Something hits you but does no damage.
You thump the ooze!
You kill the ooze!
You have reached level 3!
Your experience leads to an increase in your attributes!
Your base attributes are Str 19, Int 9, Dex 8.
Increase (S)trength, (I)ntelligence, or (D)exterity?
You feel clever.
You feel stronger. Something hits you.
You miss something. Something hits you!
* * * LOW HITPOINT WARNING * * *
You miss something. Something hits you!
You die...

### #.. #.# #.## #####
..# #.. ...## ..# ###{# #
## ...# ..# #..@## .#
.###..###..###....##.####
.##............._.......#
>...#......#.##....###...
.##......#.# ##...#
#.#.(#
....##.....#.###.###
#.#..# .#####.#..##.....#
#.#..## ##
#....######.#####.#..(#
#.#### ...#.........#


There were no monsters in sight!

Vanquished Creatures
  An ooze (D:2)
  A dart slug (D:1)
  4 bats (D:1)
  2 giant cockroaches
  3 hobgoblins
  5 jackals
  A frilled lizard (D:1)
  2 kobolds (D:1)
19 creatures vanquished.

Notes
Turn   | Place    | Note
-------+----------+-------------------------------------------
     0 | D:1      | Klosterheim the Ogre Fighter began the quest for the Orb.
     0 | D:1      | Reached XP level 1. HP: 24/24 MP: 1/1
   334 | D:1      | Reached XP level 2. HP: 30/32 MP: 2/2
   743 | D:2      | Found a basalt altar of Yredelemnul.
   748 | D:2      | Noticed Sigmund
   754 | D:2      | Reached XP level 3. HP: 20/39 MP: 3/3
   757 | D:2      | Slain by Sigmund

Vault maps used:
D:1:      dpeg_arrival_circle_labyrinth_c, minmay_octomino_e4
D:2:      nicolae_overflow_crystal_walls, lemuel_round_altar,
          kennysheep_okawaru_gauntlet, uniq_sigmund, uniq_jessica

Skill      XL: |  1  2 |
---------------+-------+-----
Maces & Flails | 2 3 |  3.1
Fighting       | |  4.0
Dodging        | |  2.6
Shields        | |  2.6

Action                   || total
-------------------------++-------
Melee: Flail             ||    59
  Use: Potion            ||     1
  Eat: Chunk             ||     9
Armor: Robe              ||    32
Dodge: Dodged            ||    41
